 Dungeon Crawl Stone Soup version 0.22-a0-109-gbeb7240 (webtiles) character file.

47 dududu the Insei (level 3, 0/29 HPs)
             Began as a Demonspawn Monk on Jan 25, 2018.
             Killed from afar by Sigmund (3 damage)
             ... with a puff of flame
             ... on level 2 of the Dungeon on Jan 26, 2018.
             The game lasted 00:08:42 (1900 turns).

dududu the Insei (Demonspawn Monk)                  Turns: 1900, Time: 00:08:43

Health: 0/29       AC:  8    Str:  9    XL:     3   Next: 48%
Magic:  3/3        EV: 13    Int: 11    God:
Gold:   74         SH:  0    Dex: 15    Spells: 2/2 levels left

rFire    + . .     SeeInvis .     - Unarmed
rCold    + . .     Gourm    .   (no shield)
rNeg     . . .     Faith    .   i - +0 ring mail
rPois    +         Spirit   .   (helmet restricted)
rElec    +         Reflect  .   e - +1 cloak
rCorr    +         Harm     .   p - +0 pair of gloves
MR       .....                  (no boots)
Stlth    +.........             (no amulet)
HPRegen  0.09/turn              o - -3 ring of strength (curse)
MPRegen  0.08/turn              (no ring)

@: resistant
A: antennae 1, repulsion field 1
a: no special abilities


You were on level 2 of the Dungeon.
You were not hungry.

You visited 1 branch of the dungeon, and saw 2 of its levels.

You collected 74 gold pieces.

Inventory:

Hand Weapons
 d - a +0 whip
Missiles
 c - 64 stones (quivered)
 h - 10 poisoned needles
Armour
 a - a +0 robe
 e - a +1 cloak (worn)
 i - a +0 ring mail (worn)
 p - a +0 pair of gloves (worn)
Jewellery
 j - a cursed -2 ring of evasion
 o - a cursed -3 ring of strength (left hand)
Comestibles
 b - 5 rations
 n - a chunk of flesh


   Skills:
 + Level 3.5 Fighting
 - Level 2.6 Dodging
 - Level 1.7 Stealth
 * Level 3.7 Unarmed Combat


You had 2 spell levels left.
You didn't know any spells.

Dungeon Overview and Level Annotations

Branches:
Dungeon (2/15)

Altars:

Annotations:
D:2 Sigmund


Innate Abilities, Weirdness & Mutations

You have a pair of small antennae on your head.
You are surrounded by a mild repulsion field. (EV +2)


Message History

Something hits you.
You aren't carrying any spellbooks or scrolls.
You hit something. You closely miss something. Something barely misses you.
You aren't carrying any potions.
You miss something. You closely miss something.
You hear some strange, mumbled words.
A magic dart appears from out of thin air!
The magic dart hits you!
* * * LOW HITPOINT WARNING * * *
You miss something. Something hits you but does no damage.
You miss something. Something hits you.
* * * LOW HITPOINT WARNING * * *
You miss something. You miss something.
You hear some strange, mumbled words.
A puff of flame appears from out of thin air!
The puff of flame hits you! You resist.
You die...

###############
#[@...........#
#{###########.#
#.####### #.#
........#####.#
...
#........#####
###.
#..###........
#. #..#
#.#.##### #.
#..# #.#.#
#..###.#.#


There were no monsters in sight!

Vanquished Creatures
  An adder (D:2)
  A worm (D:2)
  2 leopard geckos (D:2)
  7 bats
  2 giant cockroaches
  5 goblins
  4 hobgoblins
  5 frilled lizards
  4 kobolds
  3 rats (D:2)
34 creatures vanquished.

Notes
Turn   | Place    | Note
-------+----------+-------------------------------------------
     0 | D:1      | dududu the Demonspawn Monk began the quest for the Orb.
     0 | D:1      | Reached XP level 1. HP: 18/18 MP: 1/1
   281 | D:1      | Gained mutation: You have a pair of small antennae on your head. [demonic ancestry]
   281 | D:1      | Reached XP level 2. HP: 24/24 MP: 2/2
  1186 | D:2      | Upgraded the game from 0.22-a0-99-g1ac4c55 to 0.22-a0-109-gbeb7240
  1384 | D:2      | Gained mutation: You are surrounded by a mild repulsion field. (EV +2) [demonic ancestry]
  1384 | D:2      | Reached XP level 3. HP: 24/29 MP: 3/3
  1860 | D:2      | Noticed Sigmund
  1900 | D:2      | Killed from afar by Sigmund

Vault maps used:
D:1:      dpeg_arrival_castle, minmay_misc_feat_ornament
D:2:      uniq_sigmund

Skill      XL: |  1 |
---------------+----+-----
Unarmed Combat | 3 |  3.7
Fighting       | |  3.5
Dodging        | |  2.6
Stealth        | |  1.7

Action                   || total
-------------------------++-------
Melee: Unarmed           ||   148
       Punch             ||     1
Throw: Stone             ||    75
  Use: Scroll            ||     5
       Potion            ||     2
 Stab: Sleeping          ||     1
  Eat: Chunk             ||     3
Armor: Robe              ||     4
       Ring mail         ||    38
Dodge: Dodged            ||    81

Table legend:
 A = Spawn XP
 B = Non-spawn XP
 C = Spawn XP percentage of total XP
 D = Spawn monster count
 E = Non-spawn monster count
 F = Spawn count percentage of total count
 G = Total turns spent on level
                    A         B        C        D         E        F      G
               +---------+---------+-------+---------+---------+-------+---------
         Total |       0 |      68 |   0.0 |       0 |      34 |   0.0 |  1900
               +---------+---------+-------+---------+---------+-------+---------
           D:1 |       0 |      22 |   0.0 |       0 |      15 |   0.0 |  1079
           D:2 |       0 |      46 |   0.0 |       0 |      19 |   0.0 |   821
               +---------+---------+-------+---------+---------+-------+---------
